 Dungeon Crawl Stone Soup version 0.31-a0-795-g5eb97db20b (webtiles) character file.

Game seed: 8118868705357855124

320 pokeman the Magician (level 6, -1/34 HPs)
             Began as a Deep Elf Hedge Wizard on Sept 18, 2023.
             Killed from afar by an orc wizard (10 damage)
             ... with a puff of flame
             ... on level 4 of the Dungeon.
             The game lasted 00:09:46 (3651 turns).

pokeman the Magician (Deep Elf Hedge Wizard)        Turns: 3651, Time: 00:09:47

Health: -1/34      AC:  2    Str:  7    XL:     6   Next: 22%
Magic:  2/17       EV: 13    Int: 21    God:
Gold:   160        SH:  0    Dex: 14    Spells: 10/18 levels left

rFire   . . .        j - +0 short sword (freeze)
rCold   . . .        (no shield)
rNeg    . . .        b - +0 robe
rPois   .            c - +0 hat
rElec   .            (no cloak)
rCorr   .            (no gloves)
SInv    .            (no boots)
Will    .....        (no amulet)
Stlth   ++           (no ring)
HPRegen 0.25/turn    (no ring)
MPRegen 0.15/turn

%: no passive effects
@: no status effects
A: no striking features
a: no special abilities


You were on level 4 of the Dungeon.
You visited 1 branch of the dungeon, and saw 4 of its levels.

You collected 160 gold pieces.

Inventory:

Hand Weapons
 j - a +0 short sword of freezing (weapon)
Armour
 b - a +0 robe (worn)
 c - a +0 hat (worn)
 g - a scarf of invisibility
Jewellery
 m - an amulet of faith
Wands
 n - a wand of acid (12)
Scrolls
 e - 7 scrolls of identify {unknown}
 i - 2 scrolls of poison {unknown}
 p - a scroll of amnesia {unknown}
Potions
 a - a potion of lignification {unknown}
 d - a potion of magic
 f - a potion of ambrosia {unknown}
 h - a potion of cancellation {unknown}
 k - a potion of curing {unknown}
 l - a potion of attraction {unknown}
 o - a potion of invisibility {unknown}


   Skills:
 + Level 1.2 Fighting
 - Level 1.0 Armour
 - Level 3.0 Dodging
 - Level 3.1 Stealth
 * Level 6.7 Spellcasting
 + Level 3.2 Conjurations
 - Level 1.1 Summonings
 - Level 1.1 Translocations
 - Level 1.0 Air Magic
 - Level 1.0 Poison Magic
 - Level 1.0 Evocations


You had 10 spell levels left.
You knew the following spells:

 Your Spells              Type           Power      Damage    Failure   Level
a - Magic Dart            Conj           80%        1d7       2%          1
b - Mephitic Cloud        Conj/Pois/Air  14%        N/A       13%         3
c - Call Imp              Summ           22%        N/A       9%          2
d - Blink                 Tloc           22%        N/A       9%          2

Your spell library contained the following spells:

 Spells                   Type           Power      Damage    Failure   Level
 Slow                     Hex            28%        N/A       9%          1
 Cigotuvi's Dreadful Rot  Necr/Pois/Air  20%        N/A       11%         2


Dungeon Overview and Level Annotations

Branches:
Dungeon (4/15)
 Temple: D:4-7

Altars:


Message History

You barely miss the orc.
The orc is moderately wounded.
The orc barely misses you. The orc misses you.
You hit the orc but do no damage.
The orc is severely wounded.
The orc completely misses you. The orc hits you with a +0 club.
You barely miss the orc.
The orc is severely wounded.
You hear the brisk rusting of a distant drain.
The orc hits you with a +0 flail. The orc misses you.
You hit the orc. You freeze the orc.
You kill the orc!
The orc closely misses you.
You hit the orc. You freeze the orc.
The orc is almost dead.
The orc hits you with a +0 club.
* * * LOW HITPOINT WARNING * * *
Casting: Magic Dart (safe; 2% risk of failure)
Confirm with . or Enter, or press ? or * to list all spells.
Aiming: Magic Dart (safe; 2% risk of failure)
Press: ? - help, Shift-Dir - straight line, f - orc
Aim: an orc, wielding a +0 club (almost dead, 100% to hit)
The magic dart hits the orc.
You kill the orc!
The orc wizard seems less confused.
Unknown command.
Casting: Magic Dart (safe; 2% risk of failure)
Confirm with . or Enter, or press ? or * to list all spells.
Aiming: Mephitic Cloud (quite dangerous; 13% risk of failure)
Press: ? - help, Shift-Dir - straight line, f - orc wizard
Aim: an orc wizard, wielding a +0 dagger and wearing a +0 robe (chance to affect: 86%)
The ball explodes into a vile cloud!
The stinking cloud engulfs the orc wizard but does no damage.
The orc wizard is engulfed in noxious fumes.
The orc wizard appears confused.
Unknown command.
Unknown command.
The orc wizard casts a spell at you. The puff of flame hits you!
You die...

#...........#
...######.........#
.................#
.................#
..............(..#
#.# ####.....#####
#.# #.#.### #.#
#.#.####### #@#
#.#........
######°####
#.#########
#....○○o..# #.#
#...o.....###.#
#...(.........#
#.........#####
#.........#
#.##...#### #.
#...#


You could see 2 orc wizards.

Vanquished Creatures
  A phantom (D:3)
  2 hounds (D:4)
  An orc wizard (D:4)
  3 gnolls (D:3)
  3 adders
  A white imp (D:4)
  A dart slug (D:3)
  7 orcs
  11 ball pythons
  6 endoplasms
  3 giant cockroaches
  7 hobgoblins
  4 kobolds
  A quokka (D:3)
  10 bats
  4 frilled lizards
  10 goblins
  9 rats
84 creatures vanquished.

Vanquished Creatures (collateral kills)
  A gnoll (D:3)
  A goblin (D:3)
2 creatures vanquished.

Grand Total: 86 creatures vanquished

Notes
Turn   | Place    | Note
-------+----------+-------------------------------------------
     0 | D:1      | pokeman the Deep Elf Hedge Wizard began the quest for the
                  | Orb.
     0 | D:1      | Reached XP level 1. HP: 10/10 MP: 7/7
   257 | D:1      | Reached XP level 2. HP: 16/16 MP: 7/9
   313 | D:1      | Found a faded altar of an unknown god.
   679 | D:1      | Reached skill level 5 in Spellcasting
   786 | D:1      | Reached XP level 3. HP: 20/20 MP: 8/11
   790 | D:1      | Learned a level 3 spell: Mephitic Cloud
   793 | D:1      | Learned a level 2 spell: Call Imp
   796 | D:1      | Learned a level 2 spell: Blink
  1561 | D:2      | Reached skill level 1 in Armour
  1588 | D:2      | Reached skill level 1 in Fighting
  2206 | D:3      | Reached XP level 4. HP: 25/25 MP: 10/13
  2241 | D:3      | Noticed a phantom
  2261 | D:3      | HP: 1/25 [phantom (7)]
  2645 | D:3      | Killed a phantom
  2646 | D:3      | Reached skill level 6 in Spellcasting
  2646 | D:3      | Reached XP level 5. HP: 16/29 MP: 2/15
  3460 | D:4      | Reached skill level 1 in Air Magic
  3460 | D:4      | Reached skill level 1 in Poison Magic
  3460 | D:4      | Reached skill level 1 in Evocations
  3548 | D:4      | Reached XP level 6. HP: 34/34 MP: 11/17
  3651 | D:4      | Killed from afar by an orc wizard

Illustrated notes

Levels and vault maps discovered:
D:1:      saegor_arrival_simple_d, layout_basic,
          hellmonk_ecumenical_altar_run_dry, st_stairs_10
D:2:      layout_rooms, serial_glass, glass_columns_b, glass_columns_a
D:3:      layout_loops_ring
D:4:      layout_basic, lightli_temple_of_fire, cheibrodos_sewer_entry_bend

Skill      XL: |  1  2  3  4  5 |
---------------+----------------+-----
Spellcasting   | 5 6 |  6.7
Armour         | 1 |  1.0
Fighting       | 1 |  1.2
Conjurations   | 2 3 |  3.2
Dodging        | 3 |  3.0
Stealth        | 3 |  3.1
Air Magic      | 1 |  1.0
Poison Magic   | 1 |  1.0
Evocations     | 1 |  1.0
Summonings     | |  1.1
Translocations | |  1.1

Action                     |  1- 3 |  4- 6 || total
---------------------------+-------+-------++-------
  Melee: Dagger            |     8 |       ||     8
         Short sword       |       |    35 ||    35
   Cast: Magic Dart        |   121 |    84 ||   205
         Blink             |       |     2 ||     2
         Mephitic Cloud    |       |     8 ||     8
         Call Imp          |       |     1 ||     1
   Stab: Confused          |       |     2 ||     2
 Armour: Robe              |    20 |    47 ||    67
  Dodge: Dodged            |    20 |    53 ||    73

Table legend: (Time is in decaauts)
 A = Elapsed time spent in this place.
 B = Non-inter-level travel time spent in this place.
 C = Inter-level travel time spent in this place.
 D = Time resting spent in this place.
 E = Time spent auto-exploring this place.
 F = Levels seen in this place.
 G = Mean time per level.
                   A        B        C        D        E       F      G
               +--------+--------+--------+--------+--------+-----+--------+
         Total |   3650 |   3445 |    205 |     75 |   2630 |   4 |  912.5 |
       Dungeon |   3650 |   3445 |    205 |     75 |   2630 |   4 |  912.5 |
               +--------+--------+--------+--------+--------+-----+--------+

Top non-repeatable levels by time:
     D:3: 1377 daAuts
     D:1: 1138 daAuts
     D:2: 773 daAuts
     D:4: 361 daAuts
